Unix NetHack Version 5.0.0-0 post-release - last build Jun 10 2026 00:39:30 (3ee93aec679c4c4259841fe613dc97188e26a321,branch:main).

Game began 2026-06-20 09:30:16, ended 2026-06-20 17:16:36.

Denia, lawful female dwarven Valkyrie

            --------
            |......|       ###################################
            |......|       #-------------------------------- #
            |......|       #|..............................| #
           #.....<.|       #|.-----..----   .------ ------ | ##
           #|......-########|.|..."..|      .|...|  |.        #####
           #--------      ##|.|...|..+      .|...|  |.            ######
           #               #-.|.. |..|------.|...|---|--               ######)
           #               #|.|-----.|..|..|.|...|..|..          ------------#
           #               #|.|....|.|..|*.|.-|---..|.----       |..........|%
           #               #|.|._..|?|..|-`-`.{..--|-.|..|       |..........|#
           #               #|.|....-.--|-.`....`......-..|  #####...........|)
           #               #|.|....|......-`--....---|----  #    ----------)-#
           #               [|.|----------||!.|.[..| ..|     #              #)#
         ###################|.-...|.{|  ..|.!|@@@.|(((|     #
      ---|-#    ------      |.|...|..|  ..|..|.@..|]((|     #
      |...|#####-..^.|      |.------|---------.{..------ - |#
      |.^>.#    |....|      |..............................|#
      -----     ------      --------------------------------#

Denia the Skirmisher        St:18/03 Dx:12 Co:20 In:8 Wi:7 Ch:7  Lawful
Dlvl:6  $:20 HP:0(64) Pw:7(7) AC:6  Xp:5 T:2260 

Latest messages:
 You hear the shrill sound of guards' whistles.
 The watchman wields a short sword!
 You miss the watchman.
 The watchman thrusts her short sword.
 The watchman hits!
 You kill the watchman!
 You murderer!
 Welcome to experience level 5.
 There are several objects here.
 You hear some noises in the distance.
 b - a short sword.
 The watch captain picks up a mummy wrapping.
 The watchman throws a dagger!
 A dagger misses you.
 The watch captain puts on a mummy wrapping.
 What do you want to dip? [a-gmnpqtu or ?*] ?
 Dip a short sword into the fountain? [yn] (n) y
 Somehow, your short sword is not affected by the oxidation.
 Nothing seems to happen.
 The watchman picks up a dagger.
 What do you want to dip? [a-gmnpqtu or ?*] ?
 Dip a rustproof short sword into the fountain? [yn] (n) y
 Nothing seems to happen.
 The watchman wields a dagger!
 The watch captain picks up a ring mail.
 The watchman thrusts her dagger.
 The watchman hits!
 You miss the watchman.
 The watch captain wields a silver saber!
 The watchman throws a spear!
 The spear misses the watch captain.
 The spear misses the watchman.
 A spear misses you.
 You hear water falling on coins.
 You hit the watchman!
 The watchman picks up a helmet.
 The watchman thrusts her dagger.
 The watchman hits!
 You miss the watchman.
 You hit the watchman!
 The watch captain swings his silver saber.
 The watch captain hits!
 The watch captain swings his silver saber.
 The watch captain hits again!
 You die...
 Do you want your possessions identified? [ynq] (y) y
 Do you want to see your attributes? [ynq] (y) y
 Do you want an account of creatures vanquished? [ynaq] (y) y
 Do you want to see your conduct and achievements? [ynq] (y) y
 Do you want to see the dungeon overview? [ynq] (y) y

Inventory:
 Coins    ('$')
  $ - 20 gold pieces
 Weapons  (')')
  a - a +1 dwarvish spear (weapon in right hand)
  b - a rustproof +0 short sword
 Armor    ('[')
  c - an uncursed +3 small shield (being worn)
  t - an uncursed +0 dwarvish cloak
  n - an uncursed +0 plate mail
 Comestibles  ('%')
  d - 2 uncursed food rations
  u - an uncursed partly eaten food ration
  e - 2 uncursed lichen corpses
 Spellbooks  ('+')
  g - an uncursed spellbook of chain lightning
 Rings    ('=')
  m - a cursed -1 ring of adornment
 Tools    ('(')
  q - an uncursed mirror
 Gems/Stones  ('*')
  p - an uncursed worthless piece of violet glass
  f - an uncursed worthless piece of white glass

Denia the Valkyrie's attributes:

Background:
 You were a Skirmisher, a level 5 dwarven Valkyrie.
 You were lawful, nominally on a mission for Tyr
 who was opposed by Odin (neutral) and Loki (chaotic).
 You were right-handed.
 You were in the Gnomish Mines, on level 6.
 You entered the dungeon 2260 turns ago.
 You had 185 experience points, 135 more were needed to attain level 6.

Basics:
 You had 0 out of 64 hit points.
 You had all 7 energy points (spell power).
 Your armor class was 6.
 Your wallet contained 20 zorkmids.
 Autopickup was off.

Final Characteristics:
 Your strength was 18/03 (limit:18/100).
 Your dexterity was 12 (limit:20).
 Your constitution was 20 (limit:20).
 Your intelligence was 8 (limit:16).
 Your wisdom was 7 (limit:16).
 Your charisma was 7 (limit:16).

Final Status:
 You weren't hungry.
 You were unencumbered.
 You were wielding a spear.
 You had basic skill with spear.

Final Attributes:
 You were stridently aligned.
 You were cold resistant.
 You had infravision.
 You were stealthy.
 You were unlucky.
 You are dead.

Miscellaneous:
 You didn't encounter any bones levels.
 Total elapsed playing time was 48 minutes and 24 seconds.

Major events:
 Turn
    1: Denia the lawful dwarven Valkyrie entered the dungeon
  876: entered the Gnomish Mines
  905: attained the rank of Skirmisher (level 3)
 1975: reached Mine Town
 2260: killed by a watch captain

You didn't know any spells.

Skills:
 Fighting Skills
   bare handed combat [Unskilled]
   two weapon combat  [Unskilled]
   riding             [Unskilled]
 Weapon Skills
   dagger             [Basic]
   axe                [Unskilled]
   pick-axe           [Unskilled]
   short sword        [Unskilled]
   broadsword         [Unskilled]
   long sword         [Unskilled]
   two-handed sword   [Unskilled]
   saber              [Unskilled]
   hammer             [Unskilled]
   quarterstaff       [Unskilled]
   polearms           [Unskilled]
   spear              [Basic]
   trident            [Unskilled]
   lance              [Unskilled]
   sling              [Unskilled]
 Spellcasting Skills
   attack spells      [Unskilled]
   escape spells      [Unskilled]

Voluntary challenges:
 Character rerolling was not enabled.
 You were an atheist.
 You never genocided any monsters.
 You never polymorphed an object.
 You never changed form.
 You used no wishes.
Achievements:
 You entered a shop.
 You entered the Gnomish Mines.
 You attained the rank of Skirmisher.
 You entered Minetown.
 You entered a temple.

 The Dungeons of Doom: levels 1 to 4
    Level 1:
    Level 2:
       A general store.
    Level 3:
       Some fountains.
       Stairs down to The Gnomish Mines.
    Level 4:
 The Gnomish Mines: levels 4 to 7
    Level 4:
    Level 5:
    Level 6: <- You were here.
       A temple and an altar, some fountains, a sink.
       Final resting place for
          you, killed by a watch captain.
    Level 7:


Vanquished creatures:
  a watchman
  a bugbear
  a yellow light
  a gnome leader
  a kobold mummy
  a paper golem
  a giant bat
  4 monkeys
  a werejackal
  2 iguanas
  3 coyotes
  a hobbit
  a hobgoblin
  a cave spider
  a brown mold
  6 gnomes
  2 geckos
  a fox
  2 kobolds
  a goblin
  6 lichens
  8 newts
47 creatures vanquished.

No species were genocided or became extinct.

Game over:
                       ----------
                      /          \
                     /    REST    \
                    /      IN      \
                   /     PEACE      \
                  /                  \
                  |      Denia       |
                  |      20 Au       |
                  |   killed by a    |
                  |  watch captain   |
                  |                  |
                  |                  |
                  |       2026       |
                 *|     *  *  *      | *
        _________)/\\_//(\/(/\)/\//\/|_)_______

Farvel Denia the Valkyrie...

You died in The Gnomish Mines on dungeon level 6 with 1078 points,
and 20 pieces of gold, after 2260 moves.
You were level 5 with a maximum of 64 hit points when you died.

